 Dungeon Crawl Stone Soup version 0.30-b1-5-g8e6c1be481 (webtiles) character file.

Game seed: 12122839616856145203

246 apoch the Cudgeller (level 5, -3/39 (44) HPs)
             Began as an Armataur Fighter on May 4, 2023.
             Was an Initiate of Gozag.
             Slain by a gnoll bouda
             ... wielding a +0 club
              (8 damage)
             ... on level 4 of the Dungeon.
             The game lasted 00:05:52 (1971 turns).

apoch the Cudgeller (Armataur Fighter)              Turns: 1971, Time: 00:05:53

HP:   -3/39 (44)    AC:  8    Str: 23    XL:     5   Next: 84%
MP:   5/5           EV:  6    Int:  9    God:    Gozag
Gold: 323           SH:  4    Dex:  9    Spells: 4/4 levels left

rFire   . . .        a - +0 flail
rCold   . . .        c - +0 buckler
rNeg    . . .        i - +0 chain mail
rPois   .            (no helmet)
rElec   .            (no cloak)
rCorr   .            (no gloves)
SInv    .            (no barding)
Will    .....        (no amulet) Stlth
                     (no ring)
HPRegen 0.26/turn    (no ring)
MPRegen 0.09/turn

%: roll
@: gold aura, heavily drained
A: large, rugged brown scales 3, deformed body, armoured tail, roll, long
tongue, awkward tongue
a: Renounce Religion, Potion Petition, Call Merchant, Bribe Branch


You were on level 4 of the Dungeon.
You worshipped Gozag.
Gozag was aware of your devotion.
You visited 1 branch of the dungeon, and saw 6 of its levels.

You collected 323 gold pieces.

Inventory:

Hand Weapons
 a - a +0 flail (weapon)
Missiles
 k - 8 stones (quivered)
 n - 2 poisoned darts
Armour
 b - a +0 scale mail
 c - a +0 buckler (worn)
 i - a +0 chain mail (worn)
Jewellery
 e - a ring of wizardry
 g - a ring of willpower
Scrolls
 d - a scroll of blinking {unknown}
 h - 2 scrolls of magic mapping {unknown}
 m - 2 scrolls of identify {unknown}
Potions
 f - a potion of lignification {unknown}
 j - a potion of invisibility {unknown}
 l - a potion of degeneration {unknown}


   Skills:
 - Level 2.6 Fighting
 + Level 5.6 Maces & Flails
 - Level 3.6 Armour
 - Level 3.2 Shields


You had 4 spell levels left.
You didn't know any spells.
Your spell library contained the following spells:

 Spells                   Type           Power      Damage    Failure   Level
 Necrotise                Necr           0%         1d4       96%         1
 Vampiric Draining        Necr           0%         2d6       100%        3
 Agony                    Necr           0%         N/A       100%        5


Dungeon Overview and Level Annotations

Branches:
Dungeon (6/15)
 Temple: D:4-7

Altars:
Gozag


Innate Abilities, Weirdness & Mutations

You are completely covered in rugged brown scales. (AC +3, +7% HP)
Armour fits poorly on your strangely shaped body.
You have a long armoured tail.
You roll when moving toward enemies. (Rampage)
Your long tongue fully drains potion bottles. (2x potion effects)
Your tongue gives you trouble enunciating. (1.5x scroll delay)


Message History

You block the gnoll's attack.
A gnoll comes into view. It is wielding a +0 whip.
The gnoll hits you but does no damage.
The gnoll hits you from afar with a +0 spear.
The gnoll barely misses you.
Things that are here:
4 gold pieces; a +1 flail of draining You sock the gnoll bouda!
The gnoll bouda is heavily wounded.
The gnoll bouda closely misses you.
The gnoll hits you from afar with a +0 spear. x2
* * * LOW HITPOINT WARNING * * *
The gnoll is distracted by your dazzling golden aura.
You barely miss the gnoll bouda.
The gnoll bouda is heavily wounded.
The gnoll bouda is distracted by your dazzling golden aura.
The gnoll hits you from afar with a +0 spear.
* * * LOW HITPOINT WARNING * * *
The gnoll hits you from afar with a +0 spear.
* * * LOW HITPOINT WARNING * * *
The gnoll bouda shouts!
The gnoll shouts!
You hit the gnoll bouda.
The gnoll bouda is no longer distracted by gold.
You tail-slap the gnoll bouda.
The gnoll bouda is heavily wounded.
The gnoll bouda prays to its god.
The gnoll bouda is healed somewhat.
The gnoll is distracted by your dazzling golden aura. x2
The gnoll shouts! x2
You hit the gnoll bouda.
The gnoll bouda is heavily wounded.
The gnoll bouda hits you with a +0 club.
* * * LOW HITPOINT WARNING * * *
You closely miss the gnoll bouda. You tail-slap the gnoll bouda.
The gnoll bouda is severely wounded.
The gnoll is no longer distracted by gold. x2
The gnoll bouda hits you with a +0 club!
You die...
Your body crumbles into a pile of gold.

.......### ......##
#.. ..# ......# #..
...# ......# #.. ...
......######..## ..#
...............# #g.#
...............##g..#
................#gg.#
.......#
#......@...##
.......#
##......$...# ......#
##...........#
......##
#....#####...
.......# #....# ..
.......## ##....# .
........###....##
...............#
...............#


You could see a gnoll bouda and 3 gnolls.

Vanquished Creatures
  2 bullfrogs (D:5)
  An iguana (D:4)
  A gnoll (D:4)
  2 adders (D:4)
  A worm (D:5)
  3 dart slugs
  An orc (D:4)
  4 bats
  3 endoplasms
  2 giant cockroaches
  8 goblins
  3 hobgoblins
  4 jackals
  3 quokkas
  5 ball pythons
  A frilled lizard (D:1)
  4 kobolds (D:1)
  5 rats
53 creatures vanquished.

Notes
Turn   | Place    | Note
-------+----------+-------------------------------------------
     0 | D:1      | apoch the Armataur Fighter began the quest for the Orb.
     0 | D:1      | Reached XP level 1. HP: 19/19 MP: 1/1
    66 | D:1      | Reached skill level 2 in Maces & Flails
   129 | D:1      | Reached XP level 2. HP: 25/26 MP: 2/2
   443 | D:1      | Reached skill level 3 in Maces & Flails
   528 | D:1      | Found a faded altar of an unknown god.
   537 | D:1      | Prayed at the altar of an unknown god.
   537 | D:1      | Became a worshipper of Gozag Ym Sagoz the Greedy
   602 | D:1      | Reached XP level 3. HP: 30/32 MP: 3/3
  1435 | D:3      | You fall into a shaft and drop 3 floors!
  1439 | D:6      | Noticed a bullfrog
  1441 | D:6      | Noticed a bullfrog
  1445 | D:5      | Entered Level 5 of the Dungeon
  1452 | D:5      | Killed a bullfrog
  1453 | D:5      | Reached skill level 4 in Maces & Flails
  1453 | D:5      | Reached XP level 4. HP: 7/39 MP: 4/4
  1454 | D:5      | Killed a bullfrog
  1455 | D:5      | Reached skill level 5 in Maces & Flails
  1455 | D:5      | Reached XP level 5. HP: 7/44 MP: 5/5
  1680 | D:5      | Noticed an ice beast
  1971 | D:4      | Slain by a gnoll bouda

Illustrated notes

Levels and vault maps discovered:
D:1:      amcnicky_arrival_choice, layout_loops_ring,
          ebering_ecumenical_altar_mist
D:2:      layout_basic, serial_park_tiny_1
D:3:      layout_basic, grunt_temple_overflow_order_and_chaos_1
D:4:      layout_layer_cave, lemuel_mausoleum_altar_yredelemnul,
          gammafunk_temple_overflow_wave, minmay_temple_entry_waves
D:5:      layout_basic
D:6:      layout_cave_pools, uniq_duvessa, uniq_menkaure, uniq_sigmund

Skill      XL: |  1  2  3  4 |
---------------+-------------+-----
Maces & Flails | 2 3 4 5 |  5.6
Fighting       | |  2.6
Armour         | |  3.6
Shields        | |  3.2

Action                     |  1- 3 |  4- 6 || total
---------------------------+-------+-------++-------
  Melee: Flail             |   115 |    44 ||   159
         Tailslap          |     7 |     8 ||    15
  Throw: Stone             |    14 |       ||    14
    Use: Scroll            |     5 |       ||     5
         Potion            |       |     1 ||     1
 Armour: Scale mail        |    72 |       ||    72
         Chain mail        |    23 |    23 ||    46
  Dodge: Dodged            |    58 |    15 ||    73
  Block: Buckler           |    28 |     7 ||    35
